 Dungeon Crawl Stone Soup version 0.23-a0-261-g133332c (console) character file.

8827 nht the Fighter (level 11, -7/119 HPs)
             Began as an Ogre Earth Elementalist on Sept 29, 2018.
             Was a Priest of Ashenzari.
             Mangled by an orc
             ... wielding a +0 flail
              (11 damage)
             ... on level 10 of the Dungeon.
             The game lasted 00:21:35 (8171 turns).

nht the Fighter (Ogre Earth Elementalist)           Turns: 8171, Time: 00:21:36

Health: -7/119     AC:  6    Str: 23    XL:     11   Next: 36%
Magic:  23/24      EV: 10    Int: 19    God:    Ashenzari [***...]
Gold:   46         SH:  0    Dex:  9    Spells: 10/28 levels left

rFire    . . .     SeeInvis +   I - +1 trident (vamp) (curse)
rCold    . . .     Gourm    .   (no shield)
rNeg     . . .     Faith    .   c - +0 robe
rPois    .         Spirit   .   q - +1 hat (curse)
rElec    .         Reflect  .   A - +1 cloak (curse)
rCorr    .         Harm     .   (gloves unavailable)
MR       +....                  (boots unavailable)
Stlth    ++........             J - amulet of regeneration (curse)
HPRegen  0.69/turn              p - +4 ring of strength
MPRegen  0.19/turn              u - +5 ring of strength (curse)

@: no status effects
A: large, unfitting armour, tough skin 1
a: Curse Item, Scrying, Renounce Religion


You were on level 10 of the Dungeon.
You worshipped Ashenzari.
Ashenzari was most pleased with you.
You were not hungry.

You visited 1 branch of the dungeon, and saw 10 of its levels.

You collected 464 gold pieces.
You spent 418 gold pieces at shops.

Inventory:

Hand Weapons
 I - a cursed +1 vampiric trident (weapon)
Missiles
 a - 2 throwing nets
 b - 5 needles of paralysis
 l - 41 poisoned needles
 s - 24 stones (quivered)
 E - 4 tomahawks
Armour
 c - a +0 robe (worn)
 i - a +1 hat of intelligence
 q - a cursed +1 hat (worn)
 A - a cursed +1 cloak (worn)
Jewellery
 p - a +4 ring of strength (left hand)
 u - a cursed +5 ring of strength (right hand)
 J - a cursed amulet of regeneration (around neck)
Wands
 x - a wand of flame (37)
 y - a wand of digging (20)
 D - a wand of enslavement (8)
Scrolls
 g - 4 scrolls of identify
 h - 2 scrolls of enchant armour
 j - 5 scrolls of teleportation
 k - 4 scrolls of remove curse
 n - a scroll of fog
 w - 2 scrolls of blinking
Potions
 e - a potion of ambrosia
 f - 2 potions of brilliance
 m - 2 potions of might
 o - 4 potions of curing
 t - a potion of agility
 v - a potion of resistance
 z - 2 potions of magic
 B - a potion of haste
 C - 2 potions of invisibility
 F - 2 potions of flight
 H - a potion of mutation
 K - a potion of heal wounds
Comestibles
 d - 19 rations


   Skills:
 + Level 10.9 Fighting
 * Level 6.2(9.2) Polearms
 - Level 1.7(3.1) Dodging
 - Level 1.4(2.7) Stealth
 - Level 9.0 Spellcasting
 + Level 6.0(7.9) Conjurations
   Level 0.8(1.8) Transmutations
 - Level 9.0(10.8) Earth Magic


You had 10 spell levels left.
You knew the following spells:

 Your Spells              Type           Power        Failure   Level  Hunger
a - Sandblast             Erth           #####.       1%          1    None
b - Lee's Rapid Deconstr  Erth           #####.....   2%          5    #####..
c - Stone Arrow           Conj/Erth      #####.       1%          3    None
d - Mephitic Cloud        Conj/Pois/Air  ###.....     8%          3    None
e - Animate Skeleton      Necr           N/A          8%          1    None
f - Blink                 Tloc           N/A          12%         2    None
r - Regeneration          Chrm/Necr      #.........   22%         3    None

Your spell library contained the following spells:

 Spells                   Type           Power        Failure   Level  Hunger
 Magic Dart               Conj           ####         1%          1    None
 Passwall                 Tmut/Erth      ####....     1%          2    None
 Searing Ray              Conj           #####.       1%          2    None
 Iskenderun's Mystic Bla  Conj           #####...     3%          4    ###....
 Conjure Flame            Conj/Fire      ###.....     4%          3    None
 Dazzling Spray           Conj/Hex       ###...       4%          3    None
 Petrify                  Tmut/Erth      ####....     6%          4    ###....
 Corona                   Hex            #......      8%          1    None
 Pain                     Necr           #...         8%          1    None
 Call Imp                 Summ           #.......     12%         2    None
 Ensorcelled Hibernation  Hex/Ice        #.....       12%         2    None
 Slow                     Hex            #.......     12%         2    None
 Force Lance              Conj/Tloc      ###.....     16%         4    ###....
 Fulminant Prism          Conj/Hex       ###.......   16%         4    ###....
 Confuse                  Hex            #.......     22%         3    None
 Tukima's Dance           Hex            #.......     22%         3    None
 Vampiric Draining        Necr           #.........   22%         3    None
 Animate Dead             Necr           N/A          58%         4    ###....


Dungeon Overview and Level Annotations

Branches:
Dungeon (10/15)            Temple (0/1) D:5            Lair (0/6) D:9
    Orc: D:9-12

Altars:
Ashenzari
Dithmenos
Elyvilon
Gozag
Kikubaaqudgha
Nemelex Xobeh
Qazlal
Sif Muna
Trog
Uskayaw
Wu Jian
Xom
The Shining One

Shops:
D:6 ?   D:7 (   D:9 ??[[(


Innate Abilities, Weirdness & Mutations

You are too large for most types of armour.
You have tough skin. (AC +1)


Message History

Casting: Stone Arrow (safe; 1% risk of failure)
Confirm with . or Enter, or press ? or * to list all spells.
Aiming: Sandblast (safe; 1% risk of failure)
Press: ? - help, Shift-Dir - straight line, f - orc priest
Aim: an orc priest, wielding a whip (moderately wounded)
Okay, then.
Casting: Sandblast (safe; 1% risk of failure)
Confirm with . or Enter, or press ? or * to list all spells.
Aiming: Sandblast (safe; 1% risk of failure)
Press: ? - help, Shift-Dir - straight line, f - orc priest
Aim: an orc priest, wielding a whip (moderately wounded)
The blast of sand hits the orc priest.
You kill the orc priest!
s - 24 stones The orc hits you.
* * * LOW HITPOINT WARNING * * *
The orc hits you with a whip!
* * * LOW HITPOINT WARNING * * *
The orc hits you with a flail!
You die...

* , ,, , * ,
..........,.█*
..........██.██. * , ,
█....<......(.... , *,
............█.█.. , * ,
*█............... * ██
*█.............█ , ,* █..
█......)o)....█ **, ██..
█.......@o...██ █..█
█.......o......
███..█████..........(.██,
.....██......█..........
,
........██...█......█...,
...........███.█........
....<..███.█ ....██.[...
* ......>█ █.█....██


████ * , .......█ █.█.██.. ,, , * You could see 3 orcs.

Vanquished Creatures
  Gastronok (D:8)
  Harold (D:8)
  Erica (D:8)
  The ghost of Dissent the Cleaver, a novice FoFi of Zin (D:7)
  Pikel (D:4)
  A centaur skeleton (D:9)
  Psyche (D:8)
  2 orc warriors
  Prince Ribbit (D:7)
  A hippogriff (D:7)
  A spriggan (D:7)
  A wyvern (D:8)
  Eustachio (D:4)
  A hungry ghost (D:7)
  Menkaure (D:4)
  A water moccasin (D:8)
  A black bear (D:9)
  An ice beast (D:9)
  A sky beast (D:6)
  An eye of draining (D:3)
  An ogre (D:4)
  A phantom (D:5)
  2 centaurs
  3 big kobolds
  A bullfrog (D:6)
  A gnoll sergeant (D:9)
  2 scorpions
  9 killer bees (D:8)
  An electric eel (D:6)
  5 howler monkeys
  A hound (D:9)
  3 orc priests
  14 orc wizards
  A gnoll shaman (D:9)
  3 iguanas
  Natasha (thrice) (D:4)
  4 worker ants
  2 hound zombies
  3 hound skeletons
  14 gnolls
  3 adders
  2 shadow imps
  4 oozes
  2 adder zombies
  3 worms
  10 dart slugs (D:6)
  5 leopard geckos
  30 orcs
  3 giant cockroaches
  3 goblins
  5 hobgoblins
  12 jackals
  22 kobolds
  4 quokkas
  9 bats
  7 frilled lizards
  A jackal skeleton (D:5)
  5 rats
225 creatures vanquished.

Vanquished Creatures (collateral kills)
  Joseph (D:7)
  A killer bee (D:8)
  An orc (D:7)
3 creatures vanquished.

Vanquished Creatures (others)
  A steam dragon (D:8)
  An orc wizard (D:7)
  An orc priest (D:7)
3 creatures vanquished.

Grand Total: 231 creatures vanquished

Notes
Turn   | Place    | Note
-------+----------+-------------------------------------------
     0 | D:1      | nht the Ogre Earth Elementalist began the quest for the
                  | Orb.
     0 | D:1      | Reached XP level 1. HP: 16/16 MP: 3/3
   135 | D:1      | Reached XP level 2. HP: 22/24 MP: 0/5
   246 | D:1      | Reached XP level 3. HP: 25/31 MP: 1/6
   881 | D:2      | Found a hide-covered altar of Uskayaw.
  1209 | D:3      | Reached XP level 4. HP: 32/39 MP: 7/7
  1245 | D:3      | Found a shattered altar of Ashenzari.
  1429 | D:3      | Became a worshipper of Ashenzari the Shackled
  1463 | D:3      | Found a sparkling altar of Nemelex Xobeh.
  1578 | D:3      | Found a bloodstained altar of Trog.
  1579 | D:3      | Noticed an eye of draining
  1614 | D:3      | Killed an eye of draining
  1614 | D:3      | Reached skill level 5 in Earth Magic
  1614 | D:3      | Reached XP level 5. HP: 45/45 MP: 0/8
  1883 | D:4      | Noticed an ogre
  1890 | D:4      | Killed an ogre
  1890 | D:4      | Reached XP level 6. HP: 53/53 MP: 7/9
  2031 | D:4      | Found an ornate altar of the Wu Jian Council.
  2052 | D:4      | Noticed Natasha
  2058 | D:4      | Killed Natasha
  2161 | D:4      | Noticed Eustachio
  2169 | D:4      | Killed Eustachio
  2169 | D:4      | Reached XP level 7. HP: 45/59 MP: 4/10
  2317 | D:4      | Found a shadowy altar of Dithmenos.
  2343 | D:4      | Noticed Pikel
  2354 | D:4      | Killed Pikel
  2354 | D:4      | Reached XP level 8. HP: 52/67 MP: 2/11
  2579 | D:4      | Noticed Natasha
  2584 | D:4      | Killed Natasha
  2765 | D:4      | Noticed Menkaure
  2771 | D:4      | Killed Menkaure
  2771 | D:4      | Reached skill level 3 in Fighting
  2858 | D:4      | Noticed Natasha
  2883 | D:4      | Killed Natasha
  3105 | D:5      | Entered Level 5 of the Dungeon
  3145 | D:5      | Reached * piety under Ashenzari
  3235 | D:5      | Found an opulent altar of Gozag.
  3237 | D:5      | Found a stormy altar of Qazlal.
  3239 | D:5      | Found a shimmering altar of Xom.
  3239 | D:5      | Found an ancient bone altar of Kikubaaqudgha.
  3240 | D:5      | Found a glowing golden altar of the Shining One.
  3261 | D:5      | Found a white marble altar of Elyvilon.
  3308 | D:5      | Reached skill level 4 in Fighting
  3582 | D:5      | Reached skill level 5 in Fighting
  3855 | D:5      | Found a staircase to the Ecumenical Temple.
  4143 | D:6      | Reached skill level 6 in Fighting
  4143 | D:6      | Reached XP level 9. HP: 89/89 MP: 12/16
  4301 | D:6      | Reached skill level 5 in Spellcasting
  4351 | D:6      | Learned a level 5 spell: Lee's Rapid Deconstruction
  4355 | D:6      | Learned a level 3 spell: Stone Arrow
  4420 | D:6      | Reached ** piety under Ashenzari
  4589 | D:6      | Found Suoror's Magic Scroll Boutique.
  4605 | D:6      | Bought a scroll of teleportation for 42 gold pieces
  4828 | D:6      | Bought a scroll of remove curse for 42 gold pieces
  4828 | D:6      | Bought a scroll of remove curse for 42 gold pieces
  4876 | D:7      | Reached skill level 7 in Fighting
  4876 | D:7      | Reached skill level 1 in Conjurations
  5031 | D:7      | Noticed Joseph
  5049 | D:7      | Killed Joseph
  5068 | D:7      | Reached skill level 8 in Fighting
  5428 | D:7      | Noticed Prince Ribbit
  5431 | D:7      | Killed Prince Ribbit
  5457 | D:7      | Found Uthaurph's Weapon Boutique.
  5464 | D:7      | Reached XP level 10. HP: 74/106 MP: 15/20
  5612 | D:7      | Found a runed door.
  5613 | D:7      | Noticed Dissent's ghost (novice FoFi)
  5631 | D:7      | Killed Dissent's ghost
  5631 | D:7      | Reached skill level 9 in Fighting
  6417 | D:8      | Reached skill level 1 in Polearms
  6569 | D:8      | Noticed Erica
  6578 | D:8      | Killed Erica
  6695 | D:8      | Noticed Psyche
  6699 | D:8      | Killed Psyche
  6745 | D:8      | Reached skill level 5 in Conjurations
  6910 | D:8      | Learned a level 3 spell: Mephitic Cloud
  6915 | D:8      | Learned a level 3 spell: Regeneration
  6917 | D:8      | Learned a level 1 spell: Animate Skeleton
  6920 | D:8      | Learned a level 2 spell: Blink
  6938 | D:8      | Noticed Harold
  6955 | D:8      | Killed Harold
  6955 | D:8      | Reached skill level 10 in Fighting
  7016 | D:8      | Found a sparkling altar of Nemelex Xobeh.
  7075 | D:8      | Reached *** piety under Ashenzari
  7294 | D:8      | Noticed Gastronok
  7319 | D:8      | Killed Gastronok
  7319 | D:8      | Reached skill level 5 in Polearms
  7319 | D:8      | Reached XP level 11. HP: 98/119 MP: 2/23
  7544 | D:9      | Found Bodif's Antique Armour Shoppe.
  7684 | D:9      | Found a deep blue altar of Sif Muna.
  7706 | D:9      | Found Wucho's Antique Weapon Shop.
  7729 | D:9      | Found a staircase to the Lair.
  7876 | D:9      | Found Feutym's Armour Shoppe.
  8058 | D:9      | Found Niofobli's Magic Scroll Shop.
  8067 | D:9      | Bought a scroll of teleportation for 30 gold pieces
  8067 | D:9      | Bought a scroll of teleportation for 30 gold pieces
  8067 | D:9      | Bought a scroll of blinking for 75 gold pieces
  8068 | D:9      | Bought a scroll of identify for 20 gold pieces
  8068 | D:9      | Bought a scroll of identify for 20 gold pieces
  8097 | D:9      | Found Reylosat's Magic Scroll Shop.
  8100 | D:9      | Bought a scroll of remove curse for 39 gold pieces
  8100 | D:9      | Bought a scroll of remove curse for 39 gold pieces
  8100 | D:9      | Bought a scroll of remove curse for 39 gold pieces
  8138 | D:10     | Entered Level 10 of the Dungeon
  8171 | D:10     | HP: 4/119 [orc/whip (7)]
  8171 | D:10     | Mangled by an orc

Vault maps used:
D:1:      tarquinn_simple_flora_water_f
D:2:      overflow_temple_1_default, chequers_ecumenical_altar_simple_redux
D:3:      cheibrodos_ashenzari_chains, trog_eyes_of_draining,
          nemelex_xobeh_ov_fountains_minmay
D:4:      lemuel_crystal_altar, nicolae_overflow_crystal_walls, first_ration,
          uniq_eustachio, uniq_natasha, uniq_pikel, uniq_menkaure
D:5:      elyvilon_altar_5, grunt_temple_overflow_open, temple_hall,
          minmay_a_box_with_orc_wizards_in_it
D:6:      kennysheep_slugbush, serial_shops, shop_coins
D:7:      ebering_ghost_reflecting_pool, serial_shops,
          nicolae_shop_competitors_out_of_business, the_bakery, uniq_joseph,
          uniq_prince_ribbit1
D:8:      lemuel_doored_altar, uniq_gastronok, uniq_harold, uniq_psyche,
          uniq_erica
D:9:      kennysheep_mini, lair_entry_dummy, serial_shops,
          nicolae_shop_behind_doors, shop, shop, shop, nicolae_shop_crystal
D:10:     special_room

Skill      XL: |  1  2  3  4  5  6  7  8  9 10 11 |
---------------+----------------------------------+-----
Earth Magic    | 3 4 5 6 7 8 9 |  9.0
Fighting       | 6 8 10 | 10.9
Spellcasting   | 4 7 8 9 |  9.0
Conjurations   | 3 5 6 |  6.0
Polearms       | 5 6 |  6.2
Dodging        | |  1.7
Stealth        | |  1.4
Transmutations | |  0.8

Action                   |  1- 3 |  4- 6 |  7- 9 | 10-12 || total
-------------------------+-------+-------+-------+-------++-------
Melee: Unarmed           |    15 |       |       |       ||    15
       Dagger            |    29 |    62 |    37 |       ||   128
       Trident           |       |       |       |   188 ||   188
Throw: Stone             |     1 |       |       |       ||     1
 Cast: Sandblast         |    40 |    63 |   173 |    62 ||   338
       Mephitic Cloud    |       |       |       |     5 ||     5
       Stone Arrow       |       |       |       |     3 ||     3
       Animate Skeleton  |       |       |       |     1 ||     1
       Lee's Rapid Decon |       |       |       |     1 ||     1
Invok: Curse Item        |       |     1 |     2 |     3 ||     6
Evoke: Wand              |       |     3 |    11 |    16 ||    30
  Use: Potion            |     2 |       |       |     1 ||     3
       Scroll            |     1 |     2 |     8 |    11 ||    22
 Stab: Sleeping          |     2 |       |       |     1 ||     3
  Eat: Chunk             |     1 |     4 |     7 |     6 ||    18
       Ration            |       |       |     1 |     2 ||     3
Armor: Robe              |    20 |    16 |    19 |    60 ||   115
Dodge: Dodged            |    32 |    23 |    51 |    97 ||   203

Table legend:
 A = Non-vault XP
 B = Vault XP
 C = Vault XP percentage of total XP
 D = Non-vault monster count
 E = Vault monster count
 F = Vault count percentage of total count
                 A         B        C        D         E       F
            +---------+---------+-------+---------+---------+-------
      Total |    5355 |    7255 |  57.5 |     196 |      32 |  14.0
            +---------+---------+-------+---------+---------+-------
        D:1 |      57 |       0 |   0.0 |      19 |       0 |   0.0
        D:2 |      24 |       0 |   0.0 |      12 |       0 |   0.0
        D:3 |      70 |     146 |  67.6 |      27 |       3 |  10.0
        D:4 |     370 |     991 |  72.8 |      15 |       4 |  21.1
        D:5 |     333 |     283 |  45.9 |      26 |       7 |  21.2
        D:6 |     516 |      40 |   7.2 |      16 |      10 |  38.5
        D:7 |    1273 |    1488 |  53.9 |      26 |       4 |  13.3
        D:8 |    1110 |    4307 |  79.5 |      26 |       4 |  13.3
        D:9 |    1426 |       0 |   0.0 |      27 |       0 |   0.0
       D:10 |     176 |       0 |   0.0 |       2 |       0 |   0.0
            +---------+---------+-------+---------+---------+-------
